 Dungeon Crawl Stone Soup version 0.27-a0-1051-g288ea87c7c (webtiles) character file.

Game seed: 3048991510526330871

842 rageheart7 the Conjurer (level 8, 0/50 HPs)
             Began as an Octopode Conjurer on Apr 21, 2021.
             Was an Initiate of Vehumet.
             Killed by nerve-wracking pain
             ... invoked by an orc priest
              (6 damage)
             ... on level 5 of the Dungeon.
             The game lasted 00:10:42 (6220 turns).

rageheart7 the Conjurer (Octopode Conjurer)         Turns: 6220, Time: 00:10:43

Health: 0/50       AC:  1    Str:  7    XL:     8   Next: 0%
Magic:  0/16       EV: 13    Int: 22    God:    Vehumet [......]
Gold:   196        SH:  0    Dex: 10    Spells: 12/18 levels left

rFire    . . .     SeeInvis .   b - staff of conjuration
rCold    . . .     Faith    .   (no shield)
rNeg     . . .     Spirit   .   (helmet restricted)
rPois    .         Reflect  .   (no amulet)
rElec    .         Harm     .   (no ring)
rCorr    .         Rampage  .   (no ring)
Will     .....                  (no ring)
Stlth    +++.......             (no ring)
HPRegen  0.16/turn              (no ring)
MPRegen  0.15/turn              (no ring)
                                (no ring)
                                (no ring)

@: no status effects
A: almost no armour, amphibious, 8 rings, camouflage 1, gelatinous body 1,
(nimble swimmer 1), tentacles
a: Renounce Religion


You were on level 5 of the Dungeon.
You worshipped Vehumet.
Vehumet was noncommittal.
You visited 2 branches of the dungeon, and saw 6 of its levels.

You collected 196 gold pieces.

Inventory:

Hand Weapons
 n - a +4 vorpal quarterstaff
Missiles
 i - 4 atropa-tipped darts
Magical Staves
 b - a staff of conjuration (weapon)
Jewellery
 d - a ring of flight
Wands
 j - a wand of polymorph (11)
Scrolls
 c - a scroll of noise
 g - a scroll of immolation
Potions
 a - a potion of resistance


   Skills:
 + Level 2.0 Fighting
 - Level 2.0 Dodging
 - Level 2.6 Stealth
 * Level 5.7 Spellcasting
 * Level 7.1 Conjurations


You had 12 spell levels left.
You knew the following spells:

 Your Spells              Type           Power      Damage    Failure   Level
a - Magic Dart            Conj           100%       1d8       1%          1
b - Searing Ray           Conj           100%       3d7       1%          2
c - Spider Form           Tmut/Pois      3%         N/A       28%         3

Your spell library contained the following spells:

 Spells                   Type           Power      Damage    Failure   Level
 Dazzling Flash           Conj/Hex       66%        N/A       6%          3
 Animate Skeleton         Necr           12%        N/A       10%         1
 Apportation              Tloc           12%        N/A       10%         1
 Beastly Appendage        Tmut           12%        N/A       10%         1
 Corona                   Hex            6%         N/A       10%         1
 Summon Small Mammal      Summ           24%        N/A       10%         1
 Wereblood                Tmut           6%         N/A       14%         2
 Fulminant Prism          Conj/Hex       16%        3d11      22%         4
 Iskenderun's Mystic Bla  Conj/Tloc      33%        2d8       22%         4
 Confusing Touch          Hex            6%         N/A       28%         3
 Gell's Gravitas          Tloc           3%         N/A       28%         3
 Ice Form                 Ice/Tmut       6%         N/A       67%         4
 Petrify                  Tmut/Erth      6%         N/A       67%         4
 Hydra Form               Tmut           3%         N/A       95%         5
 Metabolic Englaciation   Hex/Ice        3%         N/A       95%         5
 Yara's Violent Unravell  Hex/Tmut       3%         3d4       95%         5


Dungeon Overview and Level Annotations

Branches:
Dungeon (5/15)             Temple (1/1) D:5

Altars:
Ashenzari
Cheibriados
Dithmenos
Elyvilon
Fedhas
Hepliaklqana
Nemelex Xobeh
Okawaru
Qazlal
Sif Muna
Trog
Uskayaw
Vehumet
Wu Jian
Xom
Yredelemnul
Zin

Shops:
D:1 =([**


Innate Abilities, Weirdness & Mutations

You cannot wear most types of armour.
You are amphibious.
You can wear up to eight rings at the same time.
Your skin changes colour to match your surroundings (Stealth+).
Your rubbery body absorbs attacks. (AC +1, EV +1)
((You are camouflaged near water. (Stealth+)))
You have tentacles for arms and can constrict up to eight enemies at once.


Message History

An orc priest comes into view. It is wielding a +0 hand axe.
An orc priest is nearby!
An orc priest is nearby!
You feel a surge of power!
The magic dart hits the orc priest.
The orc priest is lightly wounded.
The orc priest shouts!
The orc priest calls down the wrath of Beogh upon you.
Beogh smites you!
You feel a surge of power!
The magic dart hits the orc priest.
The orc priest is lightly wounded.
You feel a surge of power!
The magic dart hits the orc priest.
The orc priest is moderately wounded.
An orc wizard comes into view. It is wielding a +0 club.
You feel a surge of power!
The magic dart hits the orc priest!
The orc priest is severely wounded.
You feel a surge of power!
The magic dart hits the orc priest but does no damage.
The orc priest is severely wounded.
The orc priest invokes the aid of Beogh against you.
Beogh smites you!
The orc wizard points at itself and mumbles some strange words.
The orc wizard flickers and vanishes!
Deactivating autopickup; reactivate with Ctrl-A.
Okay, then.
You are too injured to fight recklessly!
Aiming: Magic Dart (safe; 1% risk of failure)
Press: ? - help, Q - select action, (/) - cycle Shift-Dir - straight line, f/p - orc priest
Aim: an orc priest, wielding a +0 hand axe and wearing a +0 ring mail (severely wounded, 100% to hit)
You feel a surge of power!
The magic dart hits the orc priest but does no damage.
The orc priest is severely wounded.
The orc priest mumbles some strange prayers to Beogh against you.
Beogh smites you!
* * * LOW HITPOINT WARNING * * *
Okay, then.
Okay, then.
Okay, then.
The orc priest mumbles some strange prayers to Beogh against you.
Pain shoots through your body!
You die...

......)........##...##..
..)......)...⌠....>....⌠
...{...........##...##..
####.......o.......## .##.##..#
<........ #.........##..#.#..##
........###..........##...(.##.
.........##......?....#..⌠..#..
.......O.####...#####.........#
.......†.# #.@## #####..###
.........####..# #.....
.^.....<...#...## ###...
........##...#..## ##....
........##..###..#########))...
#######.##..#............).#...
#.##....#..........###...
#....#....#.######## ####
##.##.......#


You could see an orc priest.

Vanquished Creatures
  A black bear (D:4)
  An ogre (Temple)
  A phantom (D:5)
  4 scorpions
  2 centaur skeletons
  Crazy Yiuf (D:4)
  An iguana (D:5)
  An orc wizard (D:5)
  4 gnolls (D:5)
  5 adders
  A shadow imp (D:5)
  An ufetubus (D:4)
  3 worms (D:2)
  8 dart slugs
  9 orcs
  8 ball pythons
  10 endoplasms
  2 giant cockroaches (D:1)
  13 hobgoblins
  4 quokkas
  4 bats
  4 frilled lizards
  11 goblins
  3 kobolds
  5 rats
107 creatures vanquished.

Notes
Turn   | Place    | Note
-------+----------+-------------------------------------------
     0 | D:1      | rageheart7 the Octopode Conjurer began the quest for the
                  | Orb.
     0 | D:1      | Reached XP level 1. HP: 11/11 MP: 3/3
    77 | D:1      | Reached XP level 2. HP: 2/17 MP: 0/5
   661 | D:1      | Found a faded altar of an unknown god.
   681 | D:1      | Found Awkyz's General Store.
   766 | D:1      | Found Zarelaf's Weapon Emporium.
   767 | D:1      | Found Yqucus's Antique Armour Shoppe.
   770 | D:1      | Reached XP level 3. HP: 21/21 MP: 4/6
   812 | D:1      | Found Caijim's Jewellery Boutique.
  1176 | D:1      | Found Ecabbal's Assorted Antiques.
  2159 | D:2      | Reached XP level 4. HP: 27/27 MP: 2/8
  2569 | D:2      | Reached skill level 5 in Conjurations
  3526 | D:3      | Reached XP level 5. HP: 31/31 MP: 8/10
  4202 | D:3      | Learned a level 2 spell: Searing Ray
  4206 | D:3      | Learned a level 3 spell: Spider Form
  4438 | D:4      | Noticed a black bear
  4445 | D:4      | Killed a black bear
  4446 | D:4      | Reached XP level 6. HP: 23/36 MP: 3/12
  4687 | D:4      | Found a runed translucent door.
  4688 | D:4      | Noticed Crazy Yiuf
  4890 | D:4      | Reached skill level 6 in Conjurations
  5099 | D:4      | Found a glowing silver altar of Zin.
  5126 | D:4      | Found a shimmering blue altar of Sif Muna.
  5130 | D:4      | Found a bloodstained altar of Trog.
  5131 | D:4      | Found a snail-covered altar of Cheibriados.
  5339 | D:4      | Killed Crazy Yiuf
  5460 | D:5      | Entered Level 5 of the Dungeon
  5467 | D:5      | Reached XP level 7. HP: 41/41 MP: 9/14
  5474 | D:5      | Reached skill level 5 in Spellcasting
  5585 | D:5      | Identified a scroll of acquirement
  5585 | D:5      | Acquired a staff of conjuration
  5606 | D:5      | Reached skill level 1 in Fighting
  5615 | D:5      | Found a staircase to the Ecumenical Temple.
  5624 | Temple   | Entered the Ecumenical Temple
  5867 | Temple   | Became a worshipper of Vehumet
  5988 | D:5      | Reached skill level 7 in Conjurations
  6203 | D:5      | Reached XP level 8. HP: 46/50 MP: 7/16
  6220 | D:5      | Killed from afar by an orc priest

Illustrated notes

Levels and vault maps discovered:
D:1:      co_arrival_random_square_maze, layout_rooms,
          ebering_ecumenical_altar_abandoned, serial_shops,
          nicolae_shop_behind_doors, shop, nicolae_shop_statue_plus, shop,
          nicolae_shop_trees
D:2:      layout_basic
D:3:      layout_basic, grunt_ministairs_8, eino_tiny_chamber
D:4:      layout_basic, minitemple, uniq_crazy_yiuf_cottage
D:5:      layout_rooms, minmay_temple_entry_waves
Temple:   nicolae_temple_god_jail

Skill      XL: |  1  2  3  4  5  6  7 |
---------------+----------------------+-----
Spellcasting   | 3 4 5 |  5.7
Conjurations   | 5 6 7 |  7.1
Fighting       | 2 |  2.0
Dodging        | |  2.0
Stealth        | |  2.6

Action                   |  1- 3 |  4- 6 |  7- 9 || total
-------------------------+-------+-------+-------++-------
Melee: Unarmed           |    10 |       |       ||    10
       Constrict         |     9 |     5 |       ||    14
       Club              |    28 |     4 |       ||    32
       Tentacles         |     4 |     3 |       ||     7
       Dagger            |       |    15 |       ||    15
       Quarterstaff      |       |     2 |       ||     2
       Staff             |       |       |     1 ||     1
 Cast: Magic Dart        |    62 |   112 |    33 ||   207
       Searing Ray       |       |     1 |    12 ||    13
  Use: Scroll            |       |       |     9 ||     9
 Stab: Sleeping          |     4 |     2 |       ||     6
Armor: Skin              |     1 |     3 |     2 ||     6
Dodge: Dodged            |    26 |    25 |    15 ||    66

Table legend: (Time is in decaauts)
 A = Elapsed time spent in this place.
 B = Non-inter-level travel time spent in this place.
 C = Inter-level travel time spent in this place.
 D = Time resting spent in this place.
 E = Time spent auto-exploring this place.
 F = Levels seen in this place.
 G = Mean time per level.
                   A        B        C        D        E       F      G
               +--------+--------+--------+--------+--------+-----+--------+
         Total |   6229 |   6108 |    121 |      0 |   5472 |   6 | 1038.2 |
       Dungeon |   5972 |   5859 |    113 |      0 |   5247 |   5 | 1194.4 |
        Temple |    257 |    249 |      8 |      0 |    225 |   1 |  257.0 |
               +--------+--------+--------+--------+--------+-----+--------+

Top non-repeatable levels by time:
     D:2: 1644 daAuts
     D:3: 1364 daAuts
     D:4: 1359 daAuts
     D:1: 1207 daAuts
     D:5: 396 daAuts
  Temple: 257 daAuts
